AoeStats
← ᅚᅚᅚᅚ

African Clearing

504655475Analyzed
4v4 RM · 25d ago on Sep 6, 2026· 39m 42s· 8 players
Game mode
Random Map
Map size
Large (8 player)
Population
200
Speed
Normal
Resources
Standard
Victory
Conquest
Starting age
Dark Age
Ending age
Imperial Age
RankedLock teamsTeams togetherTeam positionsShared explorationLock speedFull tech treeHidden civsTurbo modeCheats
Victory
Defeat
🇵🇪 Inca · Peru
1330
+14
🇨🇴 Huns · Colombia
1248
+17
🇨🇱 Gurjaras · Chile
1242
+17
🇨🇱 Mapuche · Chile
1222
+18
🇨🇳 Mongols · China
1293
-17
🇹🇼 Koreans · Taiwan
1290
-17
🇺🇸 Vietnamese · United States
1267
-16
🇦🇺 Japanese · Australia
1256
-16
Blinky Bill
13:09 Feudal Age
13:58 Double-Bit Axe
18:35 Castle Age
18:05 Fletching
18:33 Horse Collar
20:38 Padded Archer Armor
25:51 Bodkin Arrow
28:22 Leather Archer Armor
32:16 Thumb Ring
34:07 Bow Saw
34:51 Ballistics
36:16 Wheelbarrow
35:27 Loom
35:55 Husbandry
46631201
12:40 Feudal Age
14:58 Wheelbarrow
14:22 Loom
17:12 Castle Age
15:25 Double-Bit Axe
16:01 Horse Collar
16:46 Fletching
20:00 Wheelbarrow
22:16 Husbandry
28:15 Bodkin Arrow
30:57 Ballistics
30:40 Padded Archer Armor
30:31 Town Watch
38:11 Leather Archer Armor
38:12 Bloodlines
ok go
9:35 Loom
11:40 Feudal Age
12:42 Double-Bit Axe
16:09 Padded Archer Armor
17:38 Fletching
23:36 Castle Age
27:49 Castle Age
25:41 Gold Mining
25:44 Stone Mining
26:40 Horse Collar
29:35 Bow Saw
32:44 Bloodlines
32:34 Husbandry
34:41 Ballistics
naski
13:29 Loom
18:19 Feudal Age
24:22 Castle Age
24:28 Wheelbarrow
23:42 Double-Bit Axe
24:04 Fishing Lines
25:12 Stone Mining
25:12 Gold Mining
25:40 Fletching
26:33 Bodkin Arrow
31:05 Gillnets
32:04 Ballistics
33:30 Fortified Wall
34:27 Eupseong
34:23 Horse Collar
37:58 Imperial Age
35:59 Heavy Plow
36:54 Squires
36:40 Gambesons
38:29 Thumb Ring
39:15 Bracer
39:03 Arrowslits
Pelantaro
9:12 Loom
11:39 Feudal Age
12:26 Double-Bit Axe
18:08 Wheelbarrow
21:07 Castle Age
19:47 Stone Mining
20:32 Gold Mining
20:54 Horse Collar
22:22 Bow Saw
24:31 Forging
35:19 Iron Casting
35:10 Hand Cart
35:51 Fletching
38:04 Bodkin Arrow
León Sin Melena
9:42 Loom
11:49 Feudal Age
14:00 Double-Bit Axe
16:23 Castle Age
14:48 Scale Mail Armor
15:00 Champi Runner
16:24 Champi Warrior
19:11 Gold Mining
19:26 Arson
19:43 Squires
25:10 Chain Mail Armor
27:45 Forging
30:08 Horse Collar
31:06 Town Watch
31:59 Wheelbarrow
31:45 Town Watch
41:50 Imperial Age
40:11 Hand Cart
ACI ShaN
12:22 Feudal Age
16:23 Castle Age
16:12 Scale Barding Armor
16:18 Fletching
16:15 Double-Bit Axe
17:10 Padded Archer Armor
19:19 Bodkin Arrow
25:06 Ballistics
33:49 Loom
36:21 Wheelbarrow
38:48 Scale Barding Armor
ᅚᅚᅚᅚ
13:49 Feudal Age
12:21 Loom
17:33 Castle Age
19:51 Double-Bit Axe
40:29 Bow Saw
40:00 Horse Collar
Connection lost

Rejoining the realm…

Still unreachable

The connection could not be restored.

Session expired

The server has moved on; the page needs a fresh start.